 Dungeon Crawl Stone Soup version 0.31.0-11-ge490571c62 (webtiles) character file.

Game seed: 1000868575216143833

3354 Midn8 the Cleaver (level 9, -5/81 (82) HPs)
             Began as a Minotaur Fighter on Feb 2, 2024.
             Was an Initiate of Gozag.
             Slain by a wight
             ... wielding a +4 morningstar
              (8 damage)
             ... on level 8 of the Dungeon.
             The game lasted 00:15:01 (6718 turns).

Midn8 the Cleaver (Minotaur Fighter)                Turns: 6718, Time: 00:15:01

HP:   -5/81 (82)    AC:  6    Str: 23    XL:     9   Next: 73%
MP:   8/8           EV: 13    Int:  5    God:    Gozag
Gold: 154           SH:  4    Dex: 12    Spells: 8/8 levels left

rFire   . . .        a - +0 war axe
rCold   . . .        u - +0 buckler {reflect}
rNeg    . . .        g - +0 chain mail
rPois   +            (helmet restricted)
rElec   .            B - +2 cloak {rPois}
rCorr   .            (no gloves)
SInv    .            f - +0 pair of boots
Will    .....        (no amulet) Stlth
                     A - +5 ring of evasion
HPRegen 0.33/turn    (no ring)
MPRegen 0.11/turn

%: reflection
@: corroded, gold aura, hasted, lightly drained, very quick
A: horns 2, retaliatory headbutt
a: Renounce Religion, Potion Petition, Call Merchant, Bribe Branch


You were on level 8 of the Dungeon.
You worshipped Gozag.
Gozag was aware of your devotion.
You visited 1 branch of the dungeon, and saw 8 of its levels.

You collected 1198 gold pieces.
You paid 1044 gold pieces to Gozag.

Inventory:

Hand Weapons
 a - a +0 war axe (weapon)
Missiles
 k - 6 poisoned darts
 l - 70 stones
 o - 5 curare-tipped darts
 z - 3 boomerangs
Armour
 b - a +0 scale mail
 c - a +0 buckler
 f - a +0 pair of boots (worn)
 g - a +0 chain mail (worn)
 u - a +0 buckler of reflection (worn)
 B - a +2 cloak of poison resistance (worn)
Jewellery
 A - a +5 ring of evasion (left hand)
Wands
 n - a wand of polymorph (8)
Scrolls
 i - a scroll of poison
 p - a scroll of vulnerability {unknown}
 q - a scroll of fog {unknown}
 v - a scroll of brand weapon {unknown}
 y - a scroll of blinking {unknown}
 C - a scroll of fear {unknown}
Potions
 j - a potion of brilliance {unknown}
 m - 2 potions of magic
 s - a potion of attraction {unknown}
 w - 2 potions of enlightenment {unknown}
 x - a potion of mutation {unknown}


   Skills:
 + Level 8.9 Fighting
 - Level 12.0 Axes
 - Level 6.0 Throwing
 - Level 5.3 Armour
 - Level 3.6 Shields


You had 8 spell levels left.
You didn't know any spells.
Your spell library contained the following spells:

 Spells                   Type           Power      Damage    Failure   Level
 Scorch                   Fire           0%         2d5       99%         2
 Static Discharge         Conj/Air       0%         3-3/arc   99%         2
 Volatile Blastmotes      Fire/Tloc      0%         2d10      100%        3
 Airstrike                Air            0%         2d(0-16)  100%        4
 Anguish                  Hex/Necr       0%         N/A       100%        4
 Cause Fear               Hex            0%         N/A       100%        4
 Flame Wave               Conj/Fire      0%         2d4       100%        4
 Fulminant Prism          Conj/Alch      0%         3d5       100%        4
 Iskenderun's Mystic Bla  Conj/Tloc      0%         2d3       100%        4
 Summon Lightning Spire   Summ/Air       0%         N/A       100%        4
 Summon Cactus Giant      Summ           0%         N/A       100%        6
 Enfeeble                 Hex            0%         N/A       100%        7


Dungeon Overview and Level Annotations

Branches:
Dungeon (8/15)             Temple (0/1) D:7
   Lair: D:8-11

Altars:
Ashenzari
Cheibriados
Elyvilon
Gozag
Makhleb
Nemelex Xobeh
Ru
Vehumet

Shops:
D:2 =

Annotations:
D:4 exclusion: goblin
D:6 Jeremiah


Innate Abilities, Weirdness & Mutations

You have a pair of horns on your head.
You reflexively headbutt those who attack you in melee.


Message History

* * * LOW HITPOINT WARNING * * *
The wight freezes you.
* * * LOW HITPOINT WARNING * * *
You hit the wight. You headbutt the wight.
The wight is severely damaged.
You closely miss the wight.
The wight is no longer distracted by gold.
The wight is distracted by your dazzling golden aura.
The wight hits you but does no damage.
Unknown command.
You hear a shout!
You slash the wight!
You destroy the wight!
You hit the wight.
The wight is no longer distracted by gold.
Unknown command.
You barely miss the wight.
The wight is heavily damaged.
The wight is distracted by your dazzling golden aura.
The wight closely misses you.
The orc is distracted by your dazzling golden aura.
Unknown command.
The orc shouts!
You hit the wight but do no damage. Your headbutt misses the wight.
The wight is heavily damaged.
The orc is no longer distracted by gold.
You block the wight's attack.
Unknown command.
You hit the wight.
The wight is severely damaged.
You hit the wight. You hit the wight but do no damage.
The wight is lightly damaged.
You hit the wight. The wight hits you with a +0 dagger.
* * * LOW HITPOINT WARNING * * *
You feel drained.
The orc wizard is distracted by your dazzling golden aura.
The wight hits you with a +4 morningstar!
You die...
Your body crumbles into a pile of gold.

##..#..... ..☼.§○
#...##.... ..☼°§.# .
##...##.... ..z.○☼. .#
#.......... ○o○°☼°○##.
.##........).
○○☼.○°○○#.#.#...........
°§°o○.☼$##.##...........
#°°zz☼#.#......##...#
#.☼.@°#.#.#########+#
#°§$○☼○#..# .
#☼.○.°$#.## . #..☼.$$☼☼#
. #.☼.....○# .
#°..○.☼### # #.☼§.☼°#
#.☼§○○§# #......#


You could see 3 wights, an orc wizard (unaware) and an orc.

Vanquished Creatures
  Pikel (D:6)
  Eustachio (D:6)
  A vampire (D:7)
  A steam dragon (D:8)
  Menkaure (D:5)
  A water moccasin (D:8)
  Duvessa (D:6)
  A sky beast (D:8)
  An orc warrior (D:8)
  2 ogres
  2 black bears
  A tengu (D:8)
  A centaur (D:6)
  A bullfrog (D:8)
  3 scorpions
  4 wights (D:8)
  Dowan (D:6)
  A howler monkey (D:6)
  A jelly (D:5)
  3 bombardier beetles
  4 hounds
  4 orc priests
  Crazy Yiuf (D:7)
  2 gnoll boudas
  3 iron imps (D:4)
  2 orc wizards
  A sleepcap (D:6)
  4 iguanas
  7 adders
  12 gnolls
  2 shadow imps
  A white imp (D:8)
  A ribbon worm (D:7)
  9 orcs
  5 endoplasms
  2 giant cockroaches
  9 goblins
  11 hobgoblins
  8 jackals
  2 quokkas
  7 ball pythons
  5 bats
  2 frilled lizards
  6 kobolds
  10 rats
149 creatures vanquished.

Notes
Turn   | Place    | Note
-------+----------+-------------------------------------------
     0 | D:1      | Midn8 the Minotaur Fighter began the quest for the Orb.
     0 | D:1      | Reached XP level 1. HP: 19/19 MP: 0/0
   215 | D:1      | Reached skill level 3 in Axes
   215 | D:1      | Reached XP level 2. HP: 19/27 MP: 1/1
   355 | D:1      | Found a faded altar of an unknown god.
   373 | D:1      | Prayed at the altar of an unknown god.
   373 | D:1      | Became a worshipper of Gozag Ym Sagoz the Greedy
   462 | D:1      | Reached XP level 3. HP: 33/33 MP: 2/2
   990 | D:2      | Reached skill level 4 in Axes
   991 | D:2      | Found Tian's Jewellery Emporium.
  1200 | D:2      | Reached XP level 4. HP: 40/40 MP: 3/3
  2120 | D:4      | Reached XP level 5. HP: 46/47 MP: 4/4
  2120 | D:4      | Noticed an ogre
  2136 | D:4      | Killed an ogre
  2137 | D:4      | Reached skill level 5 in Axes
  2137 | D:4      | Reached skill level 5 in Armour
  2436 | D:4      | Reached skill level 5 in Fighting
  2453 | D:4      | Found a radiant altar of Vehumet.
  2464 | D:4      | Noticed a black bear
  2472 | D:4      | Killed a black bear
  2473 | D:4      | Reached skill level 6 in Axes
  2473 | D:4      | Reached XP level 6. HP: 46/56 MP: 5/5
  2863 | D:4      | Reached skill level 1 in Throwing
  3063 | D:4      | Found a burning altar of Makhleb.
  3081 | D:4      | Reached XP level 7. HP: 59/62 MP: 6/6
  3274 | D:5      | Entered Level 5 of the Dungeon
  3320 | D:5      | Reached skill level 7 in Axes
  3332 | D:5      | Noticed Menkaure
  3343 | D:5      | Killed Menkaure
  3364 | D:5      | Reached skill level 8 in Axes
  3707 | D:5      | Found a white marble altar of Elyvilon.
  4188 | D:6      | Noticed Duvessa
  4188 | D:6      | Noticed Dowan
  4215 | D:6      | Killed Duvessa
  4216 | D:6      | Reached XP level 8. HP: 70/70 MP: 7/7
  4224 | D:6      | Killed Dowan
  4301 | D:6      | Reached skill level 5 in Throwing
  4523 | D:6      | Noticed Eustachio
  4537 | D:6      | Killed Eustachio
  4724 | D:6      | Reached skill level 9 in Axes
  4850 | D:6      | Found a sparkling altar of Nemelex Xobeh.
  4920 | D:6      | Noticed Jeremiah
  5051 | D:6      | Noticed Pikel
  5073 | D:6      | Killed Pikel
  5074 | D:6      | Reached skill level 10 in Axes
  5074 | D:6      | Reached XP level 9. HP: 49/79 MP: 8/8
  5373 | D:7      | Found a staircase to the Ecumenical Temple.
  5662 | D:7      | Found an opulent altar of Gozag.
  5662 | D:7      | Found a broken altar of Ashenzari.
  5721 | D:7      | Found a runed translucent door.
  5722 | D:7      | Noticed Crazy Yiuf
  5852 | D:7      | Found a sacrificial altar of Ru.
  5865 | D:7      | Identified the +1 leather armour of Usoinuc {^Drain rF+ rN+
                  | SInv}
  6098 | D:7      | Found a snail-covered altar of Cheibriados.
  6266 | D:7      | Killed Crazy Yiuf
  6374 | D:8      | Reached skill level 11 in Axes
  6437 | D:8      | HP: 2/81 [steam dragon (3)]
  6690 | D:8      | Reached skill level 12 in Axes
  6718 | D:8      | HP: 3/82 [wight/+0 dagger (4)]
  6718 | D:8      | Slain by a wight

Illustrated notes

Levels and vault maps discovered:
D:1:      dpeg_arrival_castle, layout_basic, chequers_ecumenical_altar_island,
          nicolae_grassy_gnolls
D:2:      layout_rooms, serial_shops, nicolae_shop_tiny_glass, chequers_garden,
          st_stairs_7
D:3:      layout_loops_corners, st_stairs_14
D:4:      layout_basic, nicolae_vehumet_altar_sigil, demons_altar,
          minmay_liquid_box, minivault_27, minmay_goblin_outpost
D:5:      layout_basic, amcnicky_altar_gilded, uniq_menkaure
D:6:      layout_basic, nemelex_spade_bored_becter, minmay_door_square,
          kennysheep_generic_room_14, uniq_jeremiah, uniq_pikel, uniq_duvessa,
          uniq_eustachio, uniq_blork_the_orc
D:7:      layout_loops_corners, gammafunk_temple_overflow_wave, slow_altar_2,
          mainiacjoe_overflow_small_starburst, minmay_temple_entry_mini_moons,
          nicolae_water_bricks, uniq_crazy_yiuf_cottage
D:8:      minmay_the_grid_four_pointed_star
          [minmay_the_grid_triangle_9x9_stretched_checkered,
          minmay_the_grid_triangle_9x9_tough_junction,
          minmay_the_grid_triangle_9x9_limited_checkers,
          minmay_the_grid_triangle_9x9_from_above,
          minmay_the_grid_prize_four_corners_diamond_b], layout_gridville,
          enter_bailey_4, biasface_ghost_orc_armoury, grunt_ministairs_10

Skill      XL: |  1  2  3  4  5  6  7  8  9 |
---------------+----------------------------+-----
Axes           | 3 4 6 8 10 12 | 12.0
Fighting       | 4 5 6 7 8 |  8.9
Armour         | 4 5 |  5.3
Throwing       | 1 4 6 |  6.0
Shields        | |  3.6

Action                     |  1- 3 |  4- 6 |  7- 9 || total
---------------------------+-------+-------+-------++-------
  Melee: War axe           |    84 |   103 |   233 ||   420
         Headbutt          |     5 |    11 |    45 ||    61
  Throw: Dart              |       |     8 |    13 ||    21
         Stone             |       |     3 |    16 ||    19
         Boomerang         |       |       |     4 ||     4
         Throwing net      |       |       |     1 ||     1
 Invoke: Potion Petition   |       |       |     3 ||     3
  Evoke: Wand              |       |       |     8 ||     8
    Use: Potion            |     1 |       |     7 ||     8
         Scroll            |       |     5 |     3 ||     8
   Stab: Distracted        |       |     1 |       ||     1
         Paralysed         |       |       |     2 ||     2
 Armour: Chain mail        |    65 |    81 |   166 ||   312
         Scale mail        |     8 |       |       ||     8
         Skin              |       |       |     3 ||     3
  Dodge: Dodged            |    29 |    39 |    83 ||   151
  Block: Buckler           |    14 |    28 |    50 ||    92
